[Event "Titled Tuesday Blitz October 31 Early 2023"]
[White "Sattarov, Bobir"]
[Black "Jia, Haoxiang"]
[WhiteFideId "14203081"]
[BlackFideId "8602999"]
[WhiteElo "2805"]
[BlackElo "2595"]
[Result "1-0"]
[Round "5"]
[TimeControl "180+1"]
[Date "2023.10.31"]
[WhiteClock "0:00:20"]
[BlackClock "0:00:58"]
[Board "54"]

1. e4 c5 2. Nc3 Nc6 3. Nge2 g6 4. d4 cxd4 5. Nxd4 Bg7 6. Be3 Nf6 7. Nxc6 dxc6 8. Qxd8+ Kxd8 9. O-O-O+ Ke8 10. f3 Be6 11. a4 Nd7 12. a5 Bxc3 13. bxc3 f6 14. h4 h5 15. Be2 Kf7 16. Kb2 Ne5 17. Rd4 c5 18. Rd2 b6 19. Ra1 Bc4 20. Bf4 Rhd8 21. Rxd8 Rxd8 22. Bxe5 Bxe2 23. Bc7 Rd7 24. axb6 axb6 25. Ra7 Bf1 26. g3 Bg2 27. f4 Bxe4 28. Bxb6 Rxa7 29. Bxa7 e5 30. fxe5 fxe5 31. Bxc5 Ke6 32. c4 Kf5 33. Bd6 Bc6 34. Kc3 Ke4 35. Kb4 Kd4 36. c3+ Kd3 37. Bxe5 Ke4 38. Bf4 Ba8 39. Kc5 Bb7 40. Kb6 Ba8 41. Kc5 Bb7 42. Kd6 Kd3 43. c5 Kc4 44. c6 Ba6 45. c7 Bc8 46. Ke7 Kd5 47. Kd8 1-0


[Site "https://www.chess.com"]

[Event "Titled Tuesday Blitz October 31 Early 2023"]
[White "Javakhadze, Zurab"]
[Black "Gontcharov, Vladislav"]
[WhiteFideId "13603647"]
[BlackFideId "4123492"]
[WhiteElo "2792"]
[BlackElo "2578"]
[Result "1-0"]
[Round "5"]
[TimeControl "180+1"]
[Date "2023.10.31"]
[WhiteClock "0:00:04"]
[BlackClock "0:00:21"]
[Board "55"]

1. d4 Nf6 2. c4 e6 3. Nf3 b6 4. a3 Bb7 5. Nc3 Be7 6. d5 exd5 7. cxd5 O-O 8. e4 d6 9. Bd3 c5 10. O-O Re8 11. Re1 Nbd7 12. a4 Nf8 13. Nd2 Ng6 14. Nc4 Ba6 15. Nxd6 Bxd6 16. Bxa6 Qc7 17. g3 Be5 18. Nb5 Qd8 19. f4 Bd4+ 20. Nxd4 cxd4 21. Qxd4 Nxd5 22. Bb7 Nc7 23. Qxd8 Raxd8 24. Be3 Re7 25. Red1 Rb8 26. Bc6 Nf8 27. Bf2 Nfe6 28. e5 g6 29. b4 h5 30. b5 Kg7 31. a5 Nd8 32. axb6 axb6 33. Ra7 Nde6 34. Rd6 h4 35. Bd7 hxg3 36. hxg3 Nxb5 37. Bxb5 Rxa7 38. Bc4 b5 39. Bxa7 Ra8 40. Bxe6 Rxa7 41. Rd7 Ra1+ 42. Kf2 b4 43. Rxf7+ Kh6 44. Rb7 Rb1 45. Bg8 g5 46. Rb6+ Kg7 47. Bd5 gxf4 48. gxf4 Rd1 49. Bf3 Rc1 50. Rxb4 1-0


[Site "https://www.chess.com"]

[Event "Titled Tuesday Blitz October 31 Early 2023"]
[White "Herzog2012"]
[Black "Golizadeh, Asghar"]
[BlackFideId "12505269"]
[WhiteElo "2555"]
[BlackElo "2782"]
[Result "1-0"]
[Round "5"]
[TimeControl "180+1"]
[Date "2023.10.31"]
[WhiteClock "0:00:47"]
[BlackClock "0:00:05"]
[Board "56"]

1. e4 c5 2. Nf3 g6 3. d4 cxd4 4. Qxd4 Nf6 5. Nc3 Nc6 6. Qa4 d6 7. e5 dxe5 8. Nxe5 Bd7 9. Nxd7 Nxd7 10. Be3 Bg7 11. Be2 O-O 12. O-O Nde5 13. Rad1 Qc8 14. h3 Qf5 15. f4 Bh6 16. Nd5 Rfd8 17. fxe5 Bxe3+ 18. Nxe3 Qxe5 19. Qf4 Rxd1 20. Bxd1 Qe6 21. c3 Rf8 22. Bb3 Qd7 23. Bxf7+ Kg7 24. Ng4 Qd6 25. Qh6+ Kh8 26. Qxf8# 1-0


[Site "https://www.chess.com"]

[Event "Titled Tuesday Blitz October 31 Early 2023"]
[White "Toropov, Pavel"]
[Black "Hamitevici, Vladimir"]
[WhiteFideId "24129178"]
[BlackFideId "13902393"]
[WhiteElo "2544"]
[BlackElo "2749"]
[Result "1-0"]
[Round "5"]
[TimeControl "180+1"]
[Date "2023.10.31"]
[WhiteClock "0:00:06"]
[BlackClock "0:00:12"]
[Board "57"]

1. e4 d6 2. d4 g6 3. Nc3 c6 4. h3 b5 5. g4 Bg7 6. Bg2 Qc7 7. Nge2 Nd7 8. O-O b4 9. Nb1 Rb8 10. Be3 c5 11. Nd2 Ngf6 12. f4 cxd4 13. Nxd4 O-O 14. g5 Ne8 15. Rc1 e5 16. N4f3 exf4 17. Bxf4 Ne5 18. Nxe5 dxe5 19. Be3 Be6 20. c4 bxc3 21. Rxc3 Qd8 22. Nc4 Bxc4 23. Rxc4 Nd6 24. Rc6 Nb5 25. Qxd8 Rfxd8 26. Rfc1 Nd4 27. Bxd4 Rxd4 28. b3 Bf8 29. Rc8 Rxc8 30. Rxc8 Rd1+ 31. Bf1 Rd2 32. Rc7 Bd6 33. Rb7 Bc5+ 34. Kh1 Rxa2 35. Bc4 Rf2 36. h4 Rf4 37. Kg2 Kg7 38. Bd5 Bf2 39. Re7 Bxh4 40. Rxe5 Bf2 41. Re7 Bc5 42. Rc7 Bb6 43. Rd7 Kf8 44. Kg3 Rf1 45. Rb7 Ke8 46. Rb8+ Ke7 47. Rb7+ Kf8 48. Rb8+ Kg7 49. Rb7 Be3 50. Kg2 Rf2+ 51. Kg3 Rf1 52. Kg2 Rf2+ 53. Kg3 Bd4 54. Rb4 Rd2 55. Rb7 Be5+ 56. Kf3 Rd3+ 57. Ke2 Rg3 58. Rxf7+ Kg8 59. Rf5+ Kg7 60. Rxe5 h6 61. Re7+ Kf8 62. Rf7+ Ke8 63. gxh6 Rh3 64. h7 g5 65. Rg7 g4 66. Rg8+ 1-0


[Site "https://www.chess.com"]

[Event "Titled Tuesday Blitz October 31 Early 2023"]
[White "TimGrutter03"]
[Black "Csonka, Balazs"]
[BlackFideId "742910"]
[WhiteElo "2538"]
[BlackElo "2722"]
[Result "0-1"]
[Round "5"]
[TimeControl "180+1"]
[Date "2023.10.31"]
[WhiteClock "0:00:32"]
[BlackClock "0:00:31"]
[Board "58"]

1. d4 d5 2. Nf3 c5 3. dxc5 e6 4. e3 Bxc5 5. c4 Nf6 6. Be2 O-O 7. O-O Nc6 8. a3 dxc4 9. Bxc4 Qe7 10. b4 Bd6 11. Bb2 e5 12. Qb3 e4 13. Ng5 Bxh2+ 14. Kh1 Be5 15. Nxf7 Rxf7 16. Bxf7+ Qxf7 17. Qxf7+ Kxf7 18. Bxe5 Nxe5 19. Nc3 Be6 20. f3 exf3 21. gxf3 Bc4 22. Rf2 Rd8 23. Rd1 Rxd1+ 24. Nxd1 g5 25. Nc3 h5 26. Ne4 Nxe4 27. fxe4+ Ke6 28. Rf5 Bd3 29. Rf8 Bxe4+ 30. Kg1 h4 31. Re8+ Kf5 32. Kf2 Ng4+ 33. Ke2 h3 34. Rf8+ Kg6 0-1


[Site "https://www.chess.com"]

[Event "Titled Tuesday Blitz October 31 Early 2023"]
[White "Goltseva, Ekaterina"]
[Black "NLLO777"]
[WhiteFideId "24173770"]
[WhiteElo "2528"]
[BlackElo "2706"]
[Result "1-0"]
[Round "5"]
[TimeControl "180+1"]
[Date "2023.10.31"]
[WhiteClock "0:00:05"]
[BlackClock "0:00:07"]
[Board "59"]

1. d4 Nf6 2. c4 c5 3. d5 b5 4. cxb5 a6 5. bxa6 d6 6. Nc3 Bxa6 7. e4 Bxf1 8. Kxf1 g6 9. g3 Bg7 10. Kg2 O-O 11. Nf3 Nbd7 12. a4 Qb6 13. Qe2 Rfb8 14. Ra3 Ne8 15. Nd2 Nc7 16. Nc4 Qa6 17. Bg5 Kf8 18. h4 Rb4 19. Nb5 Qb7 20. Nxc7 Qxc7 21. h5 Raxa4 22. Rxa4 Rxa4 23. hxg6 hxg6 24. b3 Rb4 25. Qe3 Nf6 26. Bh6 Ng8 27. Bxg7+ Kxg7 28. e5 Qb7 29. exd6 Qxd5+ 30. Qf3 Qxf3+ 31. Kxf3 exd6 32. Nxd6 Rxb3+ 33. Kg2 Rc3 34. Rb1 Rc2 35. Rb7 Nh6 36. Kf3 Kf6 37. Ne4+ Ke6 38. Rc7 c4 39. Rc6+ Kd7 40. Rc5 Nf5 41. Ng5 Kd6 42. Rc8 Nd4+ 43. Ke3 Nc6 44. Nxf7+ Kd7 45. Ra8 Ke6 46. Ng5+ Kd5 47. Re8 Kc5 48. Nf3 Nb4 49. Rc8+ Kb5 50. Nd4+ Ka4 51. Nxc2 Kb3 52. Nxb4 Kxb4 53. Kd4 1-0


[Site "https://www.chess.com"]

[Event "Titled Tuesday Blitz October 31 Early 2023"]
[White "Tologon tegin, Semetei"]
[Black "Rendle, Thomas E"]
[WhiteFideId "13800574"]
[BlackFideId "408760"]
[WhiteElo "2525"]
[BlackElo "2692"]
[Result "1-0"]
[Round "5"]
[TimeControl "180+1"]
[Date "2023.10.31"]
[WhiteClock "0:00:06"]
[BlackClock "0:00:02"]
[Board "60"]

1. Nc3 d6 2. e4 e5 3. Bc4 c6 4. d3 Nd7 5. f4 g6 6. Nf3 Bg7 7. O-O Ngf6 8. fxe5 dxe5 9. a4 O-O 10. Kh1 h6 11. Be3 Qe7 12. Qd2 Ng4 13. Bg1 Nc5 14. h3 Nf6 15. Bh2 Nh5 16. g4 Nf4 17. Bxf4 exf4 18. Qxf4 Be6 19. Bxe6 Nxe6 20. Qd2 Qb4 21. Nd1 Qd6 22. Rb1 Nc5 23. b3 Rad8 24. Qf2 a5 25. Ne3 b5 26. axb5 cxb5 27. Nd5 Kh8 28. Nd4 b4 29. Nf3 Ne6 30. Nd2 Nd4 31. Nc4 Qa6 32. Ra1 Nc6 33. Ra4 f5 34. gxf5 gxf5 35. Qg2 fxe4 36. Rxf8+ Rxf8 37. Qxe4 Nd4 38. Nf4 Nf5 39. Rxa5 Qxa5 40. Ng6+ Kh7 41. Nxf8+ Kh8 42. Ng6+ Kh7 43. Nxa5 Ng3+ 44. Kg2 Nxe4 45. dxe4 Kxg6 46. Nc6 Bf8 47. Kf3 Kg5 48. Nd4 Kf6 49. Kf4 Bd6+ 50. Ke3 Kg5 51. Nf3+ Kh5 52. Kd4 Kg6 53. Kd5 Bf8 54. Ke6 Kh5 55. Kf6 Bg7+ 56. Kf5 Bf6 57. e5 Bd8 58. e6 Be7 59. Ne5 Kh4 60. Ng6+ Kh5 61. Nxe7 1-0


[Site "https://www.chess.com"]

[Event "Titled Tuesday Blitz October 31 Early 2023"]
[White "Amilal Munkhdalai"]
[Black "Ronka, Erik"]
[WhiteFideId "4903250"]
[BlackFideId "505080"]
[WhiteElo "2687"]
[BlackElo "2521"]
[Result "0-1"]
[Round "5"]
[TimeControl "180+1"]
[Date "2023.10.31"]
[WhiteClock "0:00:39"]
[BlackClock "0:00:09"]
[Board "61"]

1. e4 c5 2. Nf3 e6 3. d4 cxd4 4. Nxd4 Nf6 5. Nc3 d6 6. g4 h6 7. h4 Nc6 8. Rg1 d5 9. exd5 Nxd5 10. Nxd5 exd5 11. Be3 Qxh4 12. Qd2 Bxg4 13. Nxc6 bxc6 14. Ba6 Rd8 15. Qd4 h5 16. Bb7 Rd6 17. Bf4 Re6+ 18. Kd2 Qf6 19. Qxf6 Rxf6 20. Rae1+ Kd7 21. Be3 Bd6 22. Ba6 c5 23. c3 Kc6 24. Be2 Bxe2 25. Rxe2 g6 26. b4 Re8 27. a4 cxb4 28. cxb4 Bxb4+ 29. Kd3 Rfe6 30. Rb1 a5 31. Rc2+ Kd7 32. Rbc1 Ke7 33. Bc5+ Kf6 34. Bxb4 axb4 35. Rb2 Re4 36. a5 Ra8 37. Ra1 h4 38. a6 h3 39. a7 Re7 40. Rxb4 Rexa7 41. Rh1 Ra3+ 42. Ke2 Re8+ 43. Kd2 Ra2+ 44. Kc3 Rc8+ 45. Kd3 Rxf2 46. Rxh3 Rf5 47. Rh7 Re8 48. Rb7 Kg5 49. Rbxf7 Rxf7 50. Rxf7 Re5 51. Kd4 Rf5 52. Re7 Kf4 53. Rg7 g5 54. Rg8 g4 55. Re8 Kf3 56. Re3+ Kf2 57. Re8 g3 58. Rg8 g2 0-1


[Site "https://www.chess.com"]

[Event "Titled Tuesday Blitz October 31 Early 2023"]
[White "Leiva, Gianmarco"]
[Black "El_Matador12"]
[WhiteFideId "3804399"]
[WhiteElo "2681"]
[BlackElo "2520"]
[Result "0-1"]
[Round "5"]
[TimeControl "180+1"]
[Date "2023.10.31"]
[WhiteClock "0:00:00"]
[BlackClock "0:01:02"]
[Board "62"]

1. d4 d5 2. Nf3 Nf6 3. Bf4 c5 4. e3 cxd4 5. exd4 Nc6 6. c3 Bf5 7. Nbd2 e6 8. Bb5 Qb6 9. Qb3 Be7 10. Ne5 Rc8 11. Ba4 O-O 12. Qxb6 axb6 13. O-O Nxe5 14. Bxe5 Bd3 15. Rfe1 b5 16. Bb3 b4 17. Rac1 bxc3 18. Rxc3 Rxc3 19. bxc3 b5 20. Re3 Bg6 21. f3 Rc8 22. Bf4 Ba3 23. c4 Bc1 24. Re1 Bxd2 25. Bxd2 dxc4 26. Rc1 Ra8 27. Bd1 Rxa2 28. Bb4 Nd5 29. Bc5 h5 30. h4 Bd3 0-1


[Site "https://www.chess.com"]

[Event "Titled Tuesday Blitz October 31 Early 2023"]
[White "Shapiro, Viktor"]
[Black "Ismagilov, Damir"]
[WhiteFideId "4175700"]
[BlackFideId "34199982"]
[WhiteElo "2503"]
[BlackElo "2666"]
[Result "1-0"]
[Round "5"]
[TimeControl "180+1"]
[Date "2023.10.31"]
[WhiteClock "0:01:14"]
[BlackClock "0:00:35"]
[Board "63"]

1. c4 c5 2. Nc3 Nc6 3. g3 g6 4. Bg2 Bg7 5. Nf3 d6 6. d3 e5 7. O-O Nge7 8. a3 O-O 9. Rb1 a5 10. Ne1 Be6 11. Nc2 Qd7 12. b4 axb4 13. axb4 cxb4 14. Nxb4 Nxb4 15. Rxb4 Nc6 16. Rb6 Bh3 17. Bxh3 Qxh3 18. Rxb7 Ra1 19. e3 e4 20. Nxe4 Ne5 21. Ng5 Qf5 22. e4 Qxg5 23. Bxg5 Rxd1 24. Rxd1 Nf3+ 25. Kg2 Nxg5 26. Rd7 Ne6 27. Rxd6 Nd4 28. Rb1 f5 29. Rb7 fxe4 30. Rxg7+ Kxg7 31. Rxd4 exd3 32. Rxd3 Rc8 33. Rd4 Kf6 34. Kf3 Ke5 35. Ke3 h5 36. h4 Kf5 37. Kd3 Ra8 38. Rd5+ Ke6 39. f3 Ra3+ 40. Ke4 Rc3 41. Re5+ Kd6 42. c5+ Kd7 43. Rg5 Ke7 44. g4 hxg4 45. fxg4 Kf6 46. Rd5 Rc4+ 47. Kf3 Rc3+ 48. Kf2 Rc4 49. g5+ Ke6 50. Rd6+ Kf5 51. c6 Kg4 52. Ke3 Kxh4 53. Rd4+ Kh5 54. Rxc4 1-0


[Site "https://www.chess.com"]

[Event "Titled Tuesday Blitz October 31 Early 2023"]
[White "Rosenberg, Evan S"]
[Black "Goltsev, Dmitry"]
[WhiteFideId "2019299"]
[BlackFideId "24176710"]
[WhiteElo "2484"]
[BlackElo "2664"]
[Result "0-1"]
[Round "5"]
[TimeControl "180+1"]
[Date "2023.10.31"]
[WhiteClock "0:01:18"]
[BlackClock "0:02:15"]
[Board "64"]

1. d4 Nf6 2. Nf3 e6 3. g3 b6 4. Bg2 Bb7 5. O-O Be7 6. c4 O-O 7. Nc3 d5 8. cxd5 exd5 9. Bf4 a6 10. Rc1 c5 11. Ne5 Nbd7 12. Qd3 Rc8 13. Rfd1 cxd4 14. Qxd4 Bc5 15. Qd3 Nxe5 16. Bxe5 Bxf2+ 17. Kh1 Ng4 18. Bd4 Rc4 19. e3 Bxg3 20. Rc2 Qh4 21. Bxd5 0-1


[Site "https://www.chess.com"]

[Event "Titled Tuesday Blitz October 31 Early 2023"]
[White "alfianasybullina"]
[Black "Janaszak, Dawid"]
[BlackFideId "1119206"]
[WhiteElo "2303"]
[BlackElo "2664"]
[Result "0-1"]
[Round "5"]
[TimeControl "180+1"]
[Date "2023.10.31"]
[WhiteClock "0:00:10"]
[BlackClock "0:01:45"]
[Board "65"]

1. d4 Nf6 2. Nf3 g6 3. Bf4 d6 4. Nc3 c6 5. e4 b5 6. a3 Bg7 7. h3 O-O 8. Be2 Nbd7 9. O-O Bb7 10. Re1 a5 11. e5 Ne8 12. exd6 Nxd6 13. Bd3 b4 14. axb4 axb4 15. Rxa8 Bxa8 16. Ne4 Nb6 17. b3 Nd5 18. Bd2 Nb5 19. Bxb5 cxb5 20. Nc5 Nc3 21. Bxc3 bxc3 22. Ne5 Qd5 23. f3 Rd8 24. b4 Bxe5 25. Rxe5 Qxe5 0-1


[Site "https://www.chess.com"]

[Event "Titled Tuesday Blitz October 31 Early 2023"]
[White "Santos Flores, Alberto"]
[Black "JuniorJumper"]
[WhiteFideId "3601234"]
[WhiteElo "2446"]
[BlackElo "2619"]
[Result "1-0"]
[Round "5"]
[TimeControl "180+1"]
[Date "2023.10.31"]
[WhiteClock "0:01:00"]
[BlackClock "0:00:02"]
[Board "66"]

1. e4 e5 2. Nf3 Nc6 3. Bc4 Nf6 4. d3 Be7 5. O-O O-O 6. Re1 d6 7. c3 Na5 8. Bb5 a6 9. Ba4 b5 10. Bc2 c5 11. h3 Nc6 12. d4 cxd4 13. cxd4 Bb7 14. Nc3 Rc8 15. a3 Re8 16. Bb3 h6 17. Nd5 Nxd5 18. exd5 Nxd4 19. Nxd4 exd4 20. Qxd4 Bf6 21. Rxe8+ Qxe8 22. Qe3 Qxe3 23. fxe3 Rc5 24. e4 Bd4+ 25. Kf1 f5 26. Bf4 Bxb2 27. Ra2 Be5 28. Bxe5 dxe5 29. Rd2 Kf8 30. exf5 Rc3 31. d6 Ke8 32. Be6 e4 33. a4 b4 34. a5 e3 35. Rb2 b3 36. Bxb3 Rc1+ 37. Ke2 Bxg2 38. Be6 Bf1+ 39. Kxe3 Bb5 40. Rg2 Rc3+ 41. Kd4 Rxh3 42. Rxg7 Rh4+ 43. Ke5 Kd8 44. Rg8+ Be8 45. d7 1-0


[Site "https://www.chess.com"]

[Event "Titled Tuesday Blitz October 31 Early 2023"]
[White "Topalov, Aleksandar"]
[Black "Prestia, Paris"]
[WhiteFideId "925659"]
[BlackFideId "30925959"]
[WhiteElo "2260"]
[BlackElo "2610"]
[Result "0-1"]
[Round "5"]
[TimeControl "180+1"]
[Date "2023.10.31"]
[WhiteClock "0:00:53"]
[BlackClock "0:00:12"]
[Board "67"]

1. b3 b6 2. Bb2 Bb7 3. Nf3 Nf6 4. g3 e6 5. Bg2 Be7 6. O-O O-O 7. d3 c5 8. Nbd2 d5 9. e3 Nc6 10. a3 a5 11. c4 a4 12. cxd5 exd5 13. bxa4 Re8 14. Qc2 Bf8 15. Rfb1 Na5 16. Bc3 Qc7 17. Bxf6 gxf6 18. Nh4 Bc6 19. Nf5 Re6 20. Nb3 Nxb3 21. Qxb3 Bb7 22. Bxd5 Bxd5 23. Qxd5 Rxa4 24. Rb3 Re5 25. Qf3 Qa7 26. Rab1 Re6 27. Qg4+ Rxg4 0-1


[Site "https://www.chess.com"]

[Event "Titled Tuesday Blitz October 31 Early 2023"]
[White "Baskakov, Egor"]
[Black "Martins, Bruno Andre Leite"]
[WhiteFideId "24197866"]
[BlackFideId "1942255"]
[WhiteElo "2917"]
[BlackElo "2481"]
[Result "1-0"]
[Round "5"]
[TimeControl "180+1"]
[Date "2023.10.31"]
[WhiteClock "0:01:19"]
[BlackClock "0:00:35"]
[Board "68"]

1. e4 Nc6 2. Nc3 e5 3. g3 Bc5 4. Bg2 d6 5. Nge2 Nf6 6. d3 h5 7. h3 h4 8. g4 Bxg4 9. hxg4 Nxg4 10. d4 exd4 11. Na4 Qf6 12. Nf4 Bb4+ 13. c3 dxc3 14. bxc3 Ba5 15. O-O Nce5 16. Rb1 h3 17. Nxh3 Rxh3 18. Bxh3 Qh4 19. Kg2 O-O-O 20. Qe2 Rh8 21. Rh1 1-0


[Site "https://www.chess.com"]

[Event "Titled Tuesday Blitz October 31 Early 2023"]
[White "Mekhitarian, Krikor Sevag"]
[Black "Kopczynski, Michal"]
[WhiteFideId "2107660"]
[BlackFideId "1124200"]
[WhiteElo "2759"]
[BlackElo "2480"]
[Result "1-0"]
[Round "5"]
[TimeControl "180+1"]
[Date "2023.10.31"]
[WhiteClock "0:00:09"]
[BlackClock "0:00:00"]
[Board "69"]

1. Nf3 d6 2. d4 g6 3. c4 Bg7 4. Nc3 Nf6 5. e4 O-O 6. h3 c5 7. Be3 Na6 8. Be2 Rb8 9. O-O cxd4 10. Bxd4 Nc5 11. e5 Nfd7 12. exd6 exd6 13. Bxg7 Kxg7 14. Qxd6 Qf6 15. Rad1 Ne6 16. Rfe1 Ra8 17. Bf1 Rd8 18. Qg3 b6 19. Rd2 Bb7 20. Nd5 Qf5 21. Red1 Ndc5 22. Ne3 Qh5 23. Rxd8 Rxd8 24. Rxd8 Nxd8 25. Be2 Nc6 26. Nd4 Qe5 27. Qxe5+ Nxe5 28. b3 a5 29. Nb5 a4 30. b4 Ncd3 31. Bxd3 Nxd3 32. a3 Kf6 33. Nc3 Ke5 34. Nc2 Nb2 35. c5 bxc5 36. bxc5 Bc6 37. Nb4 Kd4 38. Nxc6+ Kxc3 39. Ne5 Kb3 40. c6 Kxa3 41. c7 Kb3 42. c8=Q a3 43. Qb7+ Ka2 44. Qxf7+ Kb1 45. Qxh7 a2 46. Qxg6+ Kc1 47. Nd3+ Kd2 48. Qa6 1-0


[Site "https://www.chess.com"]

[Event "Titled Tuesday Blitz October 31 Early 2023"]
[White "Tatarinov, Dmitry"]
[Black "Tikhonov, Viacheslav"]
[WhiteFideId "24160067"]
[BlackFideId "44196407"]
[WhiteElo "2753"]
[BlackElo "2475"]
[Result "0-1"]
[Round "5"]
[TimeControl "180+1"]
[Date "2023.10.31"]
[WhiteClock "0:00:59"]
[BlackClock "0:00:13"]
[Board "70"]

1. d4 Nf6 2. c4 g6 3. Nc3 d5 4. cxd5 Nxd5 5. e4 Nxc3 6. bxc3 Bg7 7. Bc4 c5 8. Ne2 Nc6 9. Be3 O-O 10. h4 cxd4 11. cxd4 h5 12. O-O Na5 13. Bd3 b6 14. Rc1 e6 15. Bg5 Qd7 16. a4 Bb7 17. Bb5 Qd6 18. e5 Qd5 19. Nf4 Qa2 20. Rc2 Qb3 21. Qb1 Qxb1 22. Rxb1 Rac8 23. Rbc1 Rxc2 24. Rxc2 Rc8 25. Rxc8+ Bxc8 26. Kf1 a6 27. Bd3 Bd7 28. Bxa6 Bxa4 29. Ke2 b5 30. Be7 Nc6 31. Bc5 Bf8 32. Bxf8 Kxf8 33. Kd3 Nb4+ 34. Ke4 Nxa6 35. d5 exd5+ 36. Nxd5 b4 37. Kd4 Bc6 38. Ne3 Ke7 39. f3 Ke6 40. g4 b3 41. Kc3 Kxe5 42. gxh5 gxh5 43. Kxb3 Kf4 44. Nc4 Bd5 0-1


[Site "https://www.chess.com"]

[Event "Titled Tuesday Blitz October 31 Early 2023"]
[White "Weetik, Vjacheslav"]
[Black "LouieKov2022"]
[WhiteFideId "4153472"]
[WhiteElo "2739"]
[BlackElo "2471"]
[Result "0-1"]
[Round "5"]
[TimeControl "180+1"]
[Date "2023.10.31"]
[WhiteClock "0:00:03"]
[BlackClock "0:00:05"]
[Board "71"]

1. e4 c5 2. d4 cxd4 3. c3 dxc3 4. Nxc3 Nc6 5. Nf3 e6 6. Bc4 Bb4 7. O-O Nge7 8. Bf4 O-O 9. Bd6 Bxd6 10. Qxd6 Ng6 11. Rfd1 Qe7 12. Nb5 a6 13. Qxe7 Ngxe7 14. Nd6 b5 15. Be2 Rd8 16. Rac1 Rb8 17. a3 Bb7 18. b4 f6 19. Ne1 Ne5 20. f4 Nf7 21. Nxb7 Rxb7 22. Nd3 d6 23. Bf3 e5 24. g3 Rdd7 25. Bg4 Rdc7 26. Be6 Kf8 27. h4 Nd8 28. Bb3 Nec6 29. fxe5 fxe5 30. Rf1+ Ke7 31. Bd5 Ra7 32. Rf2 Nd4 33. Rcf1 Rc3 34. Rd1 Rac7 35. Kg2 Rxa3 36. Rdd2 Rcc3 37. Ne1 Rxg3+ 38. Kf1 Rh3 39. Nc2 Nxc2 40. Rxc2 Rac3 41. Rxc3 Rxc3 42. Ra2 Ne6 43. Rxa6 Nf4 44. Ra7+ Kf6 45. Rf7+ Kg6 46. Rd7 Rc1+ 47. Kf2 Nd3+ 48. Ke3 Nxb4 49. Rxd6+ Kh5 50. Bg8 h6 51. Re6 Kxh4 52. Rxe5 Rc3+ 53. Ke2 Rc2+ 54. Kf3 Rc3+ 55. Ke2 Nd3 56. Rxb5 Nf4+ 57. Kf2 g5 58. e5 g4 59. e6 Rf3+ 60. Ke1 Re3+ 61. Kd2 Re2+ 62. Kd1 Re4 63. Rb6 h5 64. Bh7 Rxe6 65. Rb4 Rd6+ 66. Ke1 Kg5 67. Rb5+ Rd5 68. Rb7 g3 69. Rg7+ Kh4 70. Rf7 Rd4 71. Bf5 Ra4 72. Rg7 Ra1+ 73. Kd2 g2 74. Ke3 g1=Q+ 75. Rxg1 Rxg1 76. Kxf4 Rf1+ 77. Ke4 Rxf5 78. Kxf5 Kg3 0-1


[Site "https://www.chess.com"]

[Event "Titled Tuesday Blitz October 31 Early 2023"]
[White "Gubajdullin, Alexei"]
[Black "Rangel, Daniel"]
[WhiteFideId "4141202"]
[BlackFideId "2124475"]
[WhiteElo "2712"]
[BlackElo "2470"]
[Result "1-0"]
[Round "5"]
[TimeControl "180+1"]
[Date "2023.10.31"]
[WhiteClock "0:00:47"]
[BlackClock "0:01:21"]
[Board "72"]

1. d4 Nf6 2. Nf3 g6 3. Bf4 Bg7 4. e3 O-O 5. Be2 d6 6. O-O b6 7. h3 Bb7 8. a4 a6 9. a5 b5 10. c4 b4 11. Nbd2 c5 12. Nb3 Nfd7 13. Nfd2 Nc6 14. Bf3 e5 15. Bh2 Qc8 16. Ne4 Qc7 17. dxc5 dxc5 18. Qd6 Qxd6 19. Nxd6 Bc8 20. Bxc6 Ra7 21. Rfd1 Nf6 22. Bxe5 Be6 23. Nxc5 Nd7 24. Bxg7 Kxg7 25. Bxd7 Bxd7 26. Nxd7 Rxd7 27. Nf5+ gxf5 28. Rxd7 Rc8 29. Rc1 Rxc4 30. Rxc4 b3 31. Rcc7 1-0


[Site "https://www.chess.com"]

[Event "Titled Tuesday Blitz October 31 Early 2023"]
[White "Deuterio010"]
[Black "Atakhan, Abtin"]
[BlackFideId "22502203"]
[WhiteElo "2465"]
[BlackElo "2696"]
[Result "0-1"]
[Round "5"]
[TimeControl "180+1"]
[Date "2023.10.31"]
[WhiteClock "0:00:14"]
[BlackClock "0:00:28"]
[Board "74"]

1. e4 c6 2. Nf3 d5 3. Nc3 Bg4 4. h3 Bxf3 5. Qxf3 e6 6. Be2 Bc5 7. O-O Ne7 8. exd5 cxd5 9. Na4 Bd6 10. d4 Nbc6 11. Rd1 Nf5 12. Bb5 O-O 13. Bxc6 bxc6 14. Bf4 Nxd4 15. Rxd4 e5 16. Bxe5 Bxe5 17. Rdd1 Qa5 18. Qa3 Bxb2 19. Qxb2 Qxa4 20. Rd4 Qa5 21. Rb1 Rfe8 22. Rb4 h6 23. g3 c5 24. Rg4 d4 25. Qb7 Rab8 26. Qxb8 Rxb8 27. Rxb8+ Kh7 28. Rc8 Qc3 29. Rc7 h5 30. Rf4 f6 31. Rxf6 Qxc2 32. Rff7 Qg6 33. Rxg7+ Qxg7 34. Rxg7+ Kxg7 35. f4 c4 36. Kf2 c3 37. Ke2 c2 38. Kd2 d3 39. g4 hxg4 40. hxg4 Kf6 41. Kc1 Ke6 42. Kd2 a5 43. a4 Kf7 44. Kc1 Kg6 45. Kd2 Kf6 46. Kc1 Ke7 47. Kd2 Ke6 48. Kc1 Kd5 49. g5 Kc4 50. Kd2 Kb3 51. g6 Kb2 0-1


[Site "https://www.chess.com"]

[Event "Titled Tuesday Blitz October 31 Early 2023"]
[White "BashirovKemal"]
[Black "Devaev, Alexander"]
[BlackFideId "4169395"]
[WhiteElo "2664"]
[BlackElo "2462"]
[Result "1-0"]
[Round "5"]
[TimeControl "180+1"]
[Date "2023.10.31"]
[WhiteClock "0:00:38"]
[BlackClock "0:00:00"]
[Board "75"]

1. d4 Nf6 2. c4 e6 3. Nf3 c5 4. d5 exd5 5. cxd5 d6 6. Nc3 g6 7. g3 Bg7 8. Bg2 O-O 9. O-O Na6 10. e4 Nc7 11. h3 Nd7 12. Nd2 b5 13. a3 a5 14. f4 b4 15. Ne2 Ba6 16. Nf3 Re8 17. Nh2 Nb5 18. Re1 Qb6 19. a4 Nd4 20. Nxd4 cxd4 21. Kh1 Rac8 22. Bd2 Nc5 23. b3 Nd3 24. Rf1 Nb2 25. Qb1 Nd3 26. f5 Ne5 27. Rf2 d3 28. Qe1 Rc2 29. Nf1 Rec8 30. Ne3 R2c7 31. f6 Bf8 32. g4 Rc2 33. g5 Qd4 34. h4 Rb2 35. h5 Rcc2 36. Rd1 Ra2 37. hxg6 hxg6 38. Kh2 Qb2 39. Kg3 Qxb3 40. Qh1 Rxd2 41. Rdxd2 Rxd2 42. Rxd2 Qc3 43. Qe1 b3 44. Nd1 Qd4 45. Nb2 Bc4 46. Qf2 Qc3 47. Qe3 Ba6 48. Bf1 Qc5 49. Nd1 Qd4 50. Qxd4 1-0


[Site "https://www.chess.com"]

[Event "Titled Tuesday Blitz October 31 Early 2023"]
[White "Bayramov, Zaur"]
[Black "Pinto, Daniel"]
[WhiteFideId "13405080"]
[BlackFideId "3303144"]
[WhiteElo "2638"]
[BlackElo "2461"]
[Result "1-0"]
[Round "5"]
[TimeControl "180+1"]
[Date "2023.10.31"]
[WhiteClock "0:01:41"]
[BlackClock "0:00:00"]
[Board "76"]

1. c4 c5 2. Nc3 Nc6 3. g3 g6 4. Bg2 Bg7 5. e3 e5 6. Nge2 Nge7 7. O-O O-O 8. a3 a5 9. d3 d6 10. Nd5 Nxd5 11. Bxd5 Bh3 12. Re1 Qd7 13. Rb1 Ne7 14. Bh1 d5 15. Nc3 Be6 16. Qc2 dxc4 17. dxc4 Bxc4 18. Rd1 Qe6 19. b3 Ba6 20. Ne4 Rac8 21. Bb2 c4 22. b4 axb4 23. axb4 Rfd8 24. Nc5 Qb6 25. Rxd8+ Rxd8 26. Nxa6 Qxa6 27. b5 Qxb5 28. Bc3 Qd7 29. Rxb7 Qd1+ 30. Qxd1 Rxd1+ 31. Kg2 Nd5 32. Rb8+ Bf8 33. Bxe5 c3 34. Rc8 Rd2 35. Kh3 c2 36. Bd6 Rd1 37. Rxf8+ Kg7 38. Rc8 Rxh1 39. Rxc2 Nf6 40. Be5 1-0


[Site "https://www.chess.com"]